 Dungeon Crawl Stone Soup version 0.31-a0-844-gdc52ec4e09 (webtiles) character file.

Game seed: 8494142064678785625

189462 Midn8 the Brawler (level 17, -8/192 HPs)
             Began as a Black Draconian Cinder Acolyte on Sept 30, 2023.
             Was a High Priest of Okawaru.
             Mangled by a salamander
             ... wielding a +2 spear of venom
              (12 damage)
             ... on level 3 of the Snake Pit on Oct 1, 2023.
             The game lasted 01:41:44 (36491 turns).

Midn8 the Brawler (Black Draconian Cinder Acolyte) Turns: 36491, Time: 01:41:44

Health: -8/192     AC: 14    Str: 27    XL:     17   Next: 94%
Magic:  10/21      EV: 16    Int: 19    God:    Okawaru [*****.]
Gold:   1242       SH:  0    Dex: 15    Spells: 7/22 levels left

rFire   . .          .
                       - Unarmed
rCold   + . .        z - melded +2 buckler {reflect}
rNeg    . . .        (body armour unavailable)
rPois   .            U - melded +3 hat of Pondering {ponderous, Will+ MP+10 Int+5}
rElec   .            p - melded +2 cloak
rCorr   .            Q - melded +5 pair of gloves of Sepsig {rPois rC+ Dex-5}
SInv    .            Z - melded +0 pair of boots
Will    ++...        x - amulet "Roagheca" {rC+ Regen+ Int+4 Stlth+}
Stlth   ++++         D - +4 ring of protection
HPRegen 1.32/turn    t - +6 ring of strength
MPRegen 0.17/turn

%: no passive effects
@: lethally poisoned (-8 -> -13), snake-form, heroic, enlightened, flying,
studying 2 skills
A: constrict, boosted hp, (breathe lightning), AC +9, large, unfitting armour,
(big wings), (electricity resistance), (cold-blooded)
a: Begin Untransformation, Renounce Religion, Heroism, Finesse, Duel


You were on level 3 of the Snake Pit.
You worshipped Okawaru.
Okawaru was extremely pleased with you.
You were an enormous anaconda.
You visited 6 branches of the dungeon, and saw 29 of its levels.

You collected 3203 gold pieces.
You spent 1961 gold pieces at shops.

Inventory:

Hand Weapons
 a - a +0 mace of flaming
Missiles
 r - 41 poisoned darts (quivered)
 v - 9 throwing nets
 C - 45 boomerangs
 Y - 11 atropa-tipped darts
Armour
 p - a +2 cloak (melded)
 z - a +2 buckler of reflection (melded)
 Q - the +5 pair of gloves of Sepsig (melded) {rPois rC+ Dex-5}
   (Okawaru gifted it to you on level 2 of the Shoals)

   Dex-5:     It affects your dexterity (-5).
   rC+:       It protects you from cold.
   rPois:     It protects you from poison
 U - the +3 hat of Pondering (melded) {ponderous, Will+ MP+10 Int+5}
   (You took it off Gastronok on level 3 of the Lair of Beasts)

   Int+5:     It affects your intelligence (+5).
   Will+:     It increases your willpower.
   MP+10:     It affects your magic capacity (+10).
 Z - a +0 pair of boots (melded)
Jewellery
 t - a +6 ring of strength (right hand)
 x - the amulet "Roagheca" (around neck) {rC+ Regen+ Int+4 Stlth+}
   (You found it on level 15 of the Dungeon)

   [amulet of regeneration]

   Int+4:     It affects your intelligence (+4).
   rC+:       It protects you from cold.
   Regen+:    It increases your rate of health regeneration.
   Stlth+:    It makes you more stealthy.
 D - a +4 ring of protection (left hand)
 P - a +4 ring of slaying
 S - a ring of resist corrosion
Talismans
 e - a serpent talisman (active)
Wands
 b - a wand of light (13)
 F - a wand of charming (24)
 G - a wand of mindburst (19)
 J - a wand of roots (11)
 K - a wand of flame (58)
 O - a wand of polymorph (3)
 V - a wand of digging (4)
Scrolls
 d - 7 scrolls of fear
 h - a scroll of brand weapon
 i - 7 scrolls of vulnerability
 j - 2 scrolls of immolation
 k - 4 scrolls of revelation
 n - 2 scrolls of enchant weapon
 o - 3 scrolls of amnesia
 q - 6 scrolls of teleportation
 w - 3 scrolls of torment
 y - 2 scrolls of butterflies
 H - a scroll of fog
 I - a scroll of enchant armour
 L - a scroll of silence
 M - 2 scrolls of poison
Potions
 f - 8 potions of enlightenment
 g - 4 potions of heal wounds
 l - 6 potions of brilliance
 m - 2 potions of curing
 s - a potion of magic
 u - 3 potions of mutation
 A - 5 potions of ambrosia
 B - 5 potions of invisibility
 E - 6 potions of attraction
 N - 4 potions of might
 R - 2 potions of lignification
 W - a potion of haste
 X - a potion of resistance


   Skills:
 + Level 16.8(21.8) Fighting
 - Level 3.4(8.4) Maces & Flails
 - Level 9.0(14.0) Dodging
 - Level 4.0(9.0) Shields
 - Level 18.2(23.2) Unarmed Combat
 - Level 3.0 Spellcasting
 - Level 4.0 Conjurations
 - Level 3.0 Fire Magic
 - Level 6.0 Ice Magic
 - Level 4.0 Air Magic
 - Level 7.0 Poison Magic
 - Level 6.0 Invocations
 - Level 8.0 Evocations
 - Level 11.5 Shapeshifting


You had 7 spell levels left.
You knew the following spells:

 Your Spells              Type           Power      Damage    Failure   Level
c - Mephitic Cloud        Conj/Pois/Air  21%        N/A       6%          3
f - Frozen Ramparts       Ice            50%        1d8       3%          3
g - Olgreb's Toxic Radia  Pois           29%        N/A       9%          4
s - Scorch                Fire           28%        2d6       7%          2
z - Ozocubu's Armour      Ice            25%        N/A       3%          3

Your spell library contained the following spells:

 Spells                   Type           Power      Damage    Failure   Level
 Freeze                   Ice            100%       1d10      1%          1
 Poisonous Vapours        Pois/Air       46%        N/A       2%          2
 Magic Dart               Conj           72%        1d6       3%          1
 Sting                    Tmut/Pois      64%        1d6       3%          1
 Hailstorm                Conj/Ice       21%        3d6       6%          3
 Momentum Strike          Conj/Tloc      20%        3d8       10%         2
 Blink                    Tloc           4%         N/A       22%         2
 Lesser Beckoning         Tloc           4%         N/A       22%         2
 Sublimation of Blood     Necr           2%         N/A       22%         2
 Gell's Gravitas          Tloc           2%         N/A       41%         3
 Teleport Other           Tloc           2%         N/A       41%         3
 Freezing Cloud           Conj/Ice/Air   10%        6-21      54%         5
 Anguish                  Hex/Necr       1%         N/A       83%         4
 Cause Fear               Hex            1%         N/A       83%         4
 Passage of Golubria      Tloc           2%         N/A       83%         4
 Petrify                  Tmut/Erth      2%         N/A       83%         4
 Irradiate                Conj/Tmut      5%         3d13      88%         5
 Borgnjor's Vile Clutch   Necr/Erth      1%         N/A       99%         5
 Lee's Rapid Deconstruct  Erth           1%         3d4*      99%         5
 Yara's Violent Unravell  Hex/Tmut       1%         3d3       99%         5
 Dispersal                Tloc           1%         N/A       100%        6
 Enfeeble                 Hex            1%         N/A       100%        7
 Ozocubu's Refrigeration  Ice            12%        4d10      100%        7
 Summon Small Mammal      Summ           Unusable   N/A       N/A         1
 Call Imp                 Summ           Unusable   N/A       N/A         2
 Call Canine Familiar     Summ           Unusable   N/A       N/A         3
 Summon Guardian Golem    Hex/Summ       Unusable   N/A       N/A         3
 Tukima's Dance           Hex            Unusable   N/A       N/A         3
 Summon Lightning Spire   Summ/Air       Unusable   N/A       N/A         4
 Animate Armour           Summ/Erth      Unusable   N/A       N/A         4
 Animate Dead             Necr           Unusable   N/A       N/A         4
 Death Channel            Necr           Unusable   N/A       N/A         6
 Malign Gateway           Summ/Tloc      Unusable   N/A       N/A         7
 Summon Horrible Things   Summ           Unusable   N/A       N/A         8

Dungeon Overview and Level Annotations

Branches:
Dungeon (15/15)            Temple (1/1) D:6            Lair (5/5) D:10
 Shoals (3/4) Lair:3        Snake (3/4) Lair:2        Slime (0/5) Lair:4
    Orc (2/2) D:9             Elf (0/3) Orc:2        Vaults (0/5) D:13
 Depths (0/4) D:15

Altars:
Ashenzari
Cheibriados
Dithmenos
Elyvilon
Fedhas
Gozag
Hepliaklqana
Kikubaaqudgha
Makhleb
Nemelex Xobeh
Okawaru
Qazlal
Ru
Sif Muna
Trog
Uskayaw
Vehumet
Wu Jian
Xom
Yredelemnul
Zin
The Shining One
Jiyva

Shops:
D:5 ?   D:7 *?   Orc:1 ?   Orc:2 *:[(   Snake:1 :*

Annotations:
Lair:4 1 runed translucent door


Innate Abilities, Weirdness & Mutations

You are an enormous anaconda.
You have a powerful constriction melee attack.
Your maximum health is increased.
Your armour is entirely melded.
You are incapable of wielding weapons or throwing items.
((You can breathe wild blasts of lightning.))
((Your glossy black scales are hard. (AC +9)))
You cannot fit into any form of body armour.
((Your large and strong wings let you fly.))
((You are resistant to electric shocks. (rElec)))
((You are cold-blooded and may be slowed by cold attacks.))


Message History

The lance of force misses you.
You body-slam the salamander mystic!!
Your grab misses the salamander mystic.
The salamander mystic is moderately wounded.
The salamander misses you.
The salamander mystic closely misses you.
You barely miss the salamander mystic. Your grab misses the salamander mystic.
The salamander mystic is moderately wounded.
The salamander hits you from afar with a +2 spear of venom!
* * * LOW HITPOINT WARNING * * *
You are engulfed in flames!
* * * LOW HITPOINT WARNING * * *
You are poisoned.
The salamander mystic hits you with a +4 quarterstaff.
* * * LOW HITPOINT WARNING * * *
You are engulfed in flames!!
* * * LOW HITPOINT WARNING * * *
Unknown command.
You crush the salamander mystic!!! You grab the salamander mystic.
The salamander mystic is almost dead.
You constrict the salamander mystic.
You kill the salamander mystic!
Okawaru accepts your kill.
You feel sick.
You hear a shout!
You feel very sick.
You feel much better.
You feel sick. The salamander closely misses you.
Unknown command.
You feel sick.
The salamander hits you with a +2 spear of venom.
* * * LOW HITPOINT WARNING * * *
You are engulfed in flames!
* * * LOW HITPOINT WARNING * * *
You are more poisoned.
You lash the salamander! Your grab misses the salamander.
The salamander is moderately wounded.
You feel sick.
The salamander hits you with a +2 spear of venom!
* * * LOW HITPOINT WARNING * * *
You are engulfed in flames!
You die...

....# ###.... ....##
##.....#
..../.####..#...#
N..............#
#............#
#.......$...#
#.........N##
#.......§#S#
#...†..≈≈#§#
....NN.....#§## ###
...........#§§###.#
.................##
.................##
#.................#
#####.............####
#########........#


You could see a salamander.

Vanquished Creatures
  Jorgrun (Lair:3)
  Gastronok (Lair:3)
  Kirke (Lair:2)
  2 nagarajas
  2 orc warlords (Orc:2)
  Nessos (D:15)
  A merfolk javelineer (Shoals:2)
  4 merfolk impalers
  A fire dragon (D:15)
  A vault guard (D:13)
  An ice dragon (D:15)
  Harold (D:11)
  A salamander tyrant (Snake:3)
  7 hydras
  2 catoblepae (Lair:3)
  An alligator (Lair:5)
  Erolcha (D:9)
  7 anacondas
  5 centaur warriors
  4 satyrs (Shoals:3)
  9 death yaks
  3 two-headed ogres
  5 boulder beetles
  3 naga warriors
  2 alligator snapping turtles
  7 naga sharpshooters
  3 orc high priests (Orc:2)
  2 shock serpents
  Amaemon (Lair:3)
  14 skysharks
  A salamander mystic (Snake:3)
  A deep troll (Lair:1)
  4 fire crabs (Lair:5)
  5 sea snakes
  Lodul (D:10)
  A glowing orange brain (D:13)
  3 naga ritualists (Snake:2)
  Pikel (D:7)
  A deep elf pyromancer (D:14)
  6 ugly things
  A harpy (shapeshifter) (D:13)
  2 wizards (D:14)
  5 harpies
  6 orc knights
  9 orc sorcerers
  4 mana vipers
  4 cyclopes
  4 salamanders
  20 fauns
  An oklob plant (Lair:3)
  9 elephants
  3 manticores
  22 black mambas
  6 merfolk sirens
  5 water nymphs
  6 naga magi
  2 guardian serpents
  15 cane toads
  An orange demon (Lair:3)
  3 gargoyles
  Jeremiah (D:9)
  6 rime drakes
  An unseen horror (D:13)
  13 komodo dragons
  An efreet (D:15)
  A kobold demonologist (D:11)
  4 trolls
  A queen bee (D:15)
  9 polar bears
  4 wind drakes
  16 merfolk
  3 meliai (D:15)
  7 hornets
  A hornet (shapeshifter) (D:14)
  3 snapping turtles
  Prince Ribbit (D:5)
  7 dream sheep
  14 blink frogs
  A jumping spider (shapeshifter) (D:15)
  14 spriggans (Lair:5)
  6 water elementals
  3 humans
  A shadow (D:10)
  2 wraiths
  A vampire (D:14)
  4 wyverns
  6 yaks
  Grum (D:11)
  11 fire elementals
  5 basilisks
  A steam dragon (D:7)
  3 hogs
  11 vampire mosquitoes
  Edmund (D:4)
  7 nagas
  3 wargs (Orc:2)
  2 acid dragons
  19 water moccasins
  37 orc warriors
  2 ice beasts
  8 black bears
  A sky beast (D:8)
  8 boggarts
  11 ogres
  4 lemures (D:7)
  34 wolves
  5 centaurs
  2 phantoms
  3 kobold brigands
  16 bullfrogs
  A gnoll sergeant (D:11)
  4 scorpions
  12 wights
  38 killer bees
  2 howler monkeys (D:8)
  2 electric eels (Lair:5)
  7 hounds
  2 jellies
  20 orc priests
  2 gnoll boudas
  Jessica (D:3)
  Ijyb (D:3)
  9 iguanas
  2 sleepcaps
  Natasha (twice) (D:2)
  25 orc wizards
  A hell rat (D:10)
  13 gnolls
  2 adders
  A shadow imp (D:6)
  3 white imps
  2 worms
  2 dart slugs
  63 orcs
  7 ball pythons
  5 endoplasms
  5 giant cockroaches
  7 goblins
  7 hobgoblins
  6 jackals
  17 kobolds
  3 quokkas
  5 bats
  2 frilled lizards (D:2)
  A goblin skeleton (D:10)
  3 rats
  A tentacle (Shoals:3)
858 creatures vanquished.

Vanquished Creatures (others)
  A merfolk siren (Shoals:3)
  A black mamba (Lair:5)
  13 tentacles (Shoals:3)
15 creatures vanquished.

Grand Total: 873 creatures vanquished

Notes
Turn   | Place    | Note
-------+----------+-------------------------------------------
     0 | D:1      | Midn8 the Draconian Cinder Acolyte began the quest for the
                  | Orb.
     0 | D:1      | Reached XP level 1. HP: 19/19 MP: 2/2
   272 | D:1      | Reached XP level 2. HP: 25/26 MP: 3/3
   275 | D:1      | Learned a level 2 spell: Scorch
   329 | D:1      | Reached skill level 1 in Unarmed Combat
   633 | D:2      | Reached skill level 2 in Unarmed Combat
   709 | D:2      | Reached XP level 3. HP: 31/31 MP: 4/4
   910 | D:2      | Found a faded altar of an unknown god.
  1174 | D:2      | Noticed Natasha
  1187 | D:2      | Killed Natasha
  1188 | D:2      | Reached skill level 3 in Unarmed Combat
  1188 | D:2      | Reached XP level 4. HP: 23/38 MP: 1/5
  1232 | D:2      | Noticed Natasha
  1241 | D:2      | Killed Natasha
  1733 | D:3      | Noticed Ijyb
  1812 | D:3      | Reached skill level 4 in Unarmed Combat
  1908 | D:3      | Reached XP level 5. HP: 26/45 MP: 0/6
  2103 | D:3      | Killed Ijyb
  2106 | D:3      | Reached skill level 5 in Unarmed Combat
  2714 | D:3      | Noticed Jessica
  2719 | D:3      | Killed Jessica
  3170 | D:4      | Reached XP level 6. HP: 51/51 MP: 2/7
  3268 | D:4      | Reached skill level 6 in Unarmed Combat
  3377 | D:4      | Noticed Edmund
  4217 | D:4      | Killed Edmund
  4218 | D:4      | Reached skill level 7 in Unarmed Combat
  4218 | D:4      | Your scales start taking on a glossy black colour.
  4218 | D:4      | Reached XP level 7. HP: 57/57 MP: 8/8
  4218 | D:4      | Gained mutation: You are resistant to electric shocks.
                  | (rElec) [Black Draconian growth]
  4725 | D:4      | Reached skill level 8 in Unarmed Combat
  5090 | D:5      | Entered Level 5 of the Dungeon
  5266 | D:5      | Reached skill level 5 in Fighting
  5507 | D:5      | Noticed Prince Ribbit
  5508 | D:5      | Reached XP level 8. HP: 68/68 MP: 9/9
  5521 | D:5      | Killed Prince Ribbit
  5522 | D:5      | Reached skill level 9 in Unarmed Combat
  6075 | D:5      | Found Suostril's Magic Scroll Shop.
  6089 | D:5      | Reached skill level 10 in Unarmed Combat
  6156 | D:5      | Bought a scroll of teleportation for 42 gold pieces
  6156 | D:5      | Bought a scroll of noise for 14 gold pieces
  6156 | D:5      | Bought a scroll of butterflies for 56 gold pieces
  6156 | D:5      | Bought a scroll of identify for 28 gold pieces
  6863 | D:6      | Found a staircase to the Ecumenical Temple.
  6982 | Temple   | Entered the Ecumenical Temple
  7189 | D:6      | Reached skill level 1 in Shapeshifting
  7193 | D:6      | Reached XP level 9. HP: 59/79 MP: 4/10
  7598 | D:6      | You fall into a shaft and drop 1 floor!
  7599 | D:7      | Noticed a gargoyle
  8252 | D:6      | Reached skill level 5 in Shapeshifting
  8535 | D:7      | Noticed Pikel
  8826 | D:7      | HP: 2/79 [gargoyle/stone arrow (13)]
  8828 | D:7      | Killed a gargoyle
  9116 | D:7      | Found Binovezus's General Store.
  9265 | D:7      | Bought a scroll of teleportation for 42 gold pieces
  9451 | D:7      | Reached XP level 10. HP: 28/86 MP: 11/11
  9795 | D:7      | Found Guirghe's Magic Scroll Emporium.
  9820 | D:7      | Bought a scroll of fear for 56 gold pieces
  9820 | D:7      | Bought a scroll of fog for 56 gold pieces
  9837 | D:7      | Killed Pikel
 10100 | D:8      | Noticed a two-headed ogre
 10478 | D:8      | Killed a two-headed ogre
 10480 | D:8      | Reached skill level 10 in Shapeshifting
 11505 | D:9      | Noticed Jeremiah
 11541 | D:9      | Killed Jeremiah
 11600 | D:9      | Reached skill level 5 in Dodging
 11918 | D:9      | Found a staircase to the Orcish Mines.
 11953 | D:10     | Entered Level 10 of the Dungeon
 11985 | D:10     | Found a staircase to the Lair.
 11985 | D:10     | Noticed a death yak
 11985 | D:10     | Noticed a death yak
 11986 | D:10     | Noticed a death yak
 12005 | D:10     | Killed a death yak
 12006 | D:10     | Reached XP level 11. HP: 94/94 MP: 12/12
 12012 | D:10     | Killed a death yak
 12016 | D:10     | Killed a death yak
 12172 | D:10     | Found a runed translucent door.
 12176 | D:10     | Found a basalt altar of Yredelemnul.
 12289 | D:10     | Found a hide-covered altar of Uskayaw.
 12906 | D:10     | Noticed Lodul
 12926 | D:10     | Killed Lodul
 12930 | D:10     | Reached skill level 11 in Unarmed Combat
 13171 | D:10     | Noticed a boulder beetle
 13179 | D:10     | Killed a boulder beetle
 13444 | Lair:1   | Entered Level 1 of the Lair of Beasts
 13481 | Lair:1   | Noticed a death yak
 13513 | Lair:1   | Noticed a death yak
 13518 | Lair:1   | Noticed a death yak
 13525 | D:10     | Killed a death yak
 13526 | D:10     | Reached skill level 12 in Unarmed Combat
 13563 | Lair:1   | Noticed a death yak
 13577 | D:10     | Killed a death yak
 13847 | D:10     | Killed a death yak
 14048 | D:10     | Killed a death yak
 14049 | D:10     | Reached skill level 13 in Unarmed Combat
 14191 | Lair:1   | Reached XP level 12. HP: 105/105 MP: 13/13
 14362 | Lair:1   | Reached skill level 10 in Fighting
 15000 | Lair:2   | Found a staircase to the Snake Pit.
 15140 | Lair:2   | Noticed a five-headed hydra
 15150 | Lair:2   | Killed a five-headed hydra
 15159 | Lair:2   | Reached skill level 14 in Unarmed Combat
 15944 | Lair:3   | Noticed Kirke
 15992 | Lair:2   | Killed Kirke
 15993 | Lair:2   | Reached skill level 15 in Unarmed Combat
 16090 | Lair:3   | Found a staircase to the Shoals.
 16170 | Lair:3   | Noticed Amaemon
 16193 | Lair:3   | Killed Amaemon
 16245 | Lair:3   | Noticed an eight-headed hydra
 16255 | Lair:3   | Killed an eight-headed hydra
 16271 | Lair:3   | Reached XP level 13. HP: 74/116 MP: 14/14
 17093 | Lair:3   | Noticed Gastronok
 17244 | Lair:3   | Killed Gastronok
 17318 | Lair:3   | Found the crystal ball of Wucad Mu {*channel}
 17331 | Lair:3   | Found a hide-covered altar of Uskayaw.
 17984 | Lair:4   | Found an ornate altar of the Wu Jian Council.
 18219 | Lair:4   | Reached skill level 1 in Ice Magic
 18233 | Lair:4   | Learned a level 3 spell: Frozen Ramparts
 18412 | Lair:4   | Found a runed translucent door.
 18413 | Lair:4   | Found a viscous altar of Jiyva.
 18414 | Lair:4   | Noticed an azure jelly
 18415 | Lair:4   | Found a staircase to the Slime Pits.
 18625 | Lair:5   | Entered Level 5 of the Lair of Beasts
 18844 | Lair:5   | Reached skill level 5 in Ice Magic
 18844 | Lair:5   | Gained mutation: Your large and strong wings let you fly.
                  | [Black Draconian growth]
 18844 | Lair:5   | Reached XP level 14. HP: 129/129 MP: 18/18
 19417 | Lair:5   | Paralysed by a hornet for 3 turns
 19511 | Lair:5   | Found the +7 great mace "Firestarter" {flame, immolate,
                  | rFlCloud rF++}
 19567 | Lair:5   | Reached skill level 16 in Unarmed Combat
 20243 | Lair:5   | Reached skill level 17 in Unarmed Combat
 20441 | D:11     | Noticed Grum
 20451 | D:11     | Killed Grum
 20653 | D:11     | Noticed Harold
 20661 | D:11     | Killed Harold
 21110 | D:9      | Noticed Erolcha
 21118 | D:9      | Killed Erolcha
 21211 | Temple   | Fell from the grace of Ignis
 21211 | Temple   | Became a worshipper of Warmaster Okawaru
 21507 | D:12     | You fall into a shaft and drop 1 floor!
 22619 | D:12     | Reached * piety under Okawaru
 22715 | D:13     | Reached skill level 1 in Invocations
 22772 | D:13     | Found a gate to the Vaults.
 22997 | D:13     | You fall into a shaft and drop 2 floors!
 22997 | D:15     | Entered Level 15 of the Dungeon
 23021 | D:15     | Reached XP level 15. HP: 139/139 MP: 19/19
 23028 | D:15     | Noticed Nessos
 23029 | D:15     | Reached ** piety under Okawaru
 23043 | D:15     | Found an opulent altar of Gozag.
 23198 | D:15     | Identified the amulet "Roagheca" {rC+ Regen+ Int+4 Stlth+}
 23591 | D:13     | Reached skill level 5 in Invocations
 24006 | Orc:1    | Entered Level 1 of the Orcish Mines
 24057 | Orc:1    | Found Meschec's Magic Scroll Shop.
 24075 | Orc:1    | Bought a scroll of teleportation for 42 gold pieces
 24222 | Orc:2    | Entered Level 2 of the Orcish Mines
 24284 | Orc:1    | You fall into a shaft and drop 1 floor!
 24371 | Orc:2    | Reached *** piety under Okawaru
 24522 | Orc:2    | Reached skill level 15 in Fighting
 24677 | Orc:2    | Paralysed by an orc sorcerer for 4 turns
 24733 | Orc:2    | Found Uneciem's Book Boutique.
 24793 | Orc:2    | Found Hoash's General Store.
 24808 | Orc:2    | Found Mat Xyki's Antique Armour Boutique.
 24824 | Orc:2    | Found Cija's Antique Weapon Boutique.
 24895 | Orc:2    | Reached **** piety under Okawaru
 24930 | Orc:2    | Found a staircase to the Elven Halls.
 25100 | Orc:2    | Paralysed by an orc sorcerer for 3 turns
 25119 | Orc:2    | Paralysed by an orc sorcerer for 3 turns
 26912 | D:14     | Paralysed by a hornet for 3 turns
 27138 | D:14     | Reached skill level 18 in Unarmed Combat
 27138 | D:14     | Reached XP level 16. HP: 149/149 MP: 20/20
 27143 | D:14     | Learned a level 3 spell: Mephitic Cloud
 27282 | D:14     | Reached ***** piety under Okawaru
 27463 | D:15     | Reached skill level 1 in Air Magic
 27488 | D:15     | Reached skill level 1 in Conjurations
 27488 | D:15     | Reached skill level 1 in Poison Magic
 27826 | D:15     | Killed Nessos
 27974 | D:15     | Found a staircase to the Depths.
 28806 | Orc:1    | Bought a scroll of enchant armour for 105 gold pieces
 28931 | Snake:1  | Entered Level 1 of the Snake Pit
 29232 | Snake:1  | Received a gift from Okawaru
 29371 | Snake:1  | Found Catukur's Assorted Antiques.
 29375 | Snake:1  | Found Hupar's Book Shop.
 29385 | Snake:1  | Bought a manual of Throwing for 1520 gold pieces
 29753 | Snake:1  | You are sucked into a shaft and drop 1 floor!
 29753 | Snake:2  | Was forgiven by Ignis
 29856 | Snake:2  | Reached skill level 1 in Shields
 29874 | Snake:2  | HP: 3/149 [constriction (5)]
 30317 | Snake:2  | Reached XP level 17. HP: 138/156 MP: 21/21
 30787 | Lair:2   | Learned a level 4 spell: Olgreb's Toxic Radiance
 30821 | Shoals:1 | Entered Level 1 of the Shoals
 30867 | Lair:3   | Reached skill level 5 in Poison Magic
 30983 | Shoals:1 | Noticed Jorgrun
 31066 | Lair:3   | Killed Jorgrun
 31493 | Shoals:1 | Reached skill level 1 in Evocations
 31569 | Shoals:1 | Learned a level 3 spell: Ozocubu's Armour
 32436 | Shoals:2 | Reached ****** piety under Okawaru
 32442 | Shoals:2 | Acquired the +5 pair of gloves of Sepsig {rPois rC+ Dex-5}
 32442 | Shoals:2 | Received a gift from Okawaru
 32581 | Shoals:2 | Reached skill level 5 in Evocations
 33057 | Shoals:2 | Received a gift from Okawaru
 33195 | Shoals:2 | Identified the +6 glaive of the Volcano {flame, rElec rF++
                  | Str-5 SInv}
 33815 | Shoals:3 | Noticed a kraken
 34179 | Shoals:3 | HP: 6/187 [tentacle[a kraken] (14)]
 35032 | Shoals:3 | Received a gift from Okawaru
 36491 | Snake:3  | HP: 4/192 [salamander/+2 spear of venom (12)]
 36491 | Snake:3  | Mangled by a salamander

Illustrated notes

Levels and vault maps discovered:
D:1:      amcnicky_arrival_abandoned_market, layout_rooms, minmay_tiny_reverse_x
D:2:      layout_basic, hellmonk_ecumenical_altar_defaced_shrine, uniq_natasha
D:3:      minmay_evil_eye, layout_loops_ring, uniq_ijyb, uniq_jessica
D:4:      layout_layer_cave, uniq_edmund
D:5:      layout_basic, serial_shops, kennysheep_little_box, uniq_prince_ribbit1
D:6:      minmay_recursive_quarters, layout_cave_pools,
          minmay_temple_entry_proselytizer, nicolae_benzene_ring,
          serial_bayou_pond_d, chequers_jeans, hangedman_glass_teeth,
          nrook_campfire
D:7:      layout_cave_pools, serial_shops, shop, kennysheep_diamond,
          minmay_manual_monolith, uniq_pikel
D:8:      layout_loops_ring
D:9:      layout_roguey, orc_0_dummy, uniq_erolcha, uniq_jeremiah
D:10:     layout_basic, nicolae_uskayaw_murder_on_the_dancefloor,
          dk_yredelemnul_ordeal, dpeg_lair_monsters, uniq_lodul
D:11:     layout_roguey, uniq_grum, uniq_harold
D:12:     layout_basic, dk_vineyard_2
D:13:     layout_loops_ring, hellmonk_vaults_order_and_chaos
D:14:     layout_basic, hangedman_decor_points
D:15:     grunt_enter_depths_hoard, layout_loops_ring, special_room
          [special_room_bee], nicolae_gozag_seed_capital, uniq_nessos
Temple:   mainiacjoe_temple_cubbyholes
Lair:1:   dreamdust_cave_troll, layout_regular_city
Lair:2:   layout_regular_city, minmay_snake_entry_six_corridors
Lair:3:   nzn_winding_woodlands_huge [nzn_winding_woodlands_5x15_parted,
          nzn_winding_woodlands_5x15_eye, nzn_winding_woodlands_5x15_sawtooth,
          nzn_winding_woodlands_5x15_jagged, nzn_winding_woodlands_5x15_zeroes,
          nzn_winding_woodlands_5x15_pockets,
          nzn_winding_woodlands_5x15_crooked,
          nzn_winding_woodlands_5x15_default,
          nzn_winding_woodlands_5x15_concentric,
          nzn_winding_woodlands_5x15_cabin,
          nzn_winding_woodlands_center_triple_pond,
          nzn_winding_woodlands_center_pierced_h,
          nzn_winding_woodlands_15x15_five_gardens], layout_long_grid,
          minmay_shoals_entry_lonely_mermaid, lemuel_oklob_altar,
          uniq_gastronok, uniq_amaemon, uniq_kirke
Lair:4:   layout_hall_layers, slime_entry_2, basic_altar
Lair:5:   minmay_lair_end_enchanted_forest, layout_long_grid,
          nicolae_lair_lakeside_cave, grunt_megastairs_1
Shoals:1: layout_shoals, uniq_jorgrun
Shoals:2: layout_shoals
Shoals:3: layout_shoals
Snake:1:  layout_misc_corridors, minmay_shop_star, grunt_megastairs_5
Snake:2:  layout_cave_pods, special_room, st_stairs_1
Snake:3:  layout_grid_shapes, uniq_louise
Orc:1:    layout_diamond_mine, serial_shops, shop
Orc:2:    grunt_orc_cross, layout_caves

Skill      XL: |  1  2  3  4  5  6  7  8  9 10 11 12 13 14 15 16 17 |
---------------+----------------------------------------------------+-----
Unarmed Combat | 2 3 4 5 7 8 10 13 15 17 18 | 18.2
Fighting       | 5 7 8 9 11 13 14 15 16 | 16.8
Shapeshifting  | 2 7 10 11 | 11.5
Dodging        | 5 6 7 9 |  9.0
Ice Magic      | 5 6 |  6.0
Spellcasting   | 3 |  3.0
Invocations    | 3 6 |  6.0
Air Magic      | 4 |  4.0
Conjurations   | 4 |  4.0
Poison Magic   | 3 7 |  7.0
Shields        | 4 |  4.0
Evocations     | 8 |  8.0
Maces & Flails | |  3.4
Fire Magic     | |  3.0

Action                     |  1- 3 |  4- 6 |  7- 9 | 10-12 | 13-15 | 16-18 || total
---------------------------+-------+-------+-------+-------+-------+-------++-------
  Melee: Mace              |    84 |    95 |       |       |       |       ||   179
         Tailslap          |     5 |    13 |    36 |       |       |    57 ||   111
         Punch             |       |     5 |    11 |       |       |       ||    16
         Unarmed           |       |    16 |   244 |   380 |   954 |   661 ||  2255
         Constrict         |       |       |     7 |    76 |   200 |    97 ||   380
  Throw: Dart              |       |       |     5 |       |       |       ||     5
         Throwing net      |       |       |     1 |       |       |       ||     1
   Cast: Scorch            |     7 |    35 |    87 |     1 |     3 |     2 ||   135
         Frozen Ramparts   |       |       |       |       |    22 |    20 ||    42
         Mephitic Cloud    |       |       |       |       |       |     1 ||     1
         Olgreb's Toxic Ra |       |       |       |       |       |    39 ||    39
         Ozocubu's Armour  |       |       |       |       |       |     6 ||     6
 Invoke: Fiery Armour      |     1 |       |     1 |     3 |     1 |       ||     6
         Heroism           |       |       |       |       |     1 |     4 ||     5
         Receive Armour    |       |       |       |       |       |     1 ||     1
Ability: Breathe Lightning |       |       |     9 |       |       |     2 ||    11
  Evoke: Wand              |       |       |     1 |       |    14 |     4 ||    19
    Use: Scroll            |     2 |     5 |    10 |     8 |     8 |     8 ||    41
         Potion            |       |     2 |     2 |     3 |     2 |     6 ||    15
   Stab: Petrified         |       |       |       |       |     8 |       ||     8
         Petrifying        |       |       |       |       |     1 |       ||     1
         Sleeping          |       |       |       |       |     2 |     6 ||     8
         Distracted        |       |       |       |       |     2 |       ||     2
         Invisible         |       |       |       |       |     1 |       ||     1
         Confused          |       |       |       |       |       |     1 ||     1
 Armour: Skin              |    60 |    75 |   176 |   273 |   673 |   613 ||  1870
  Dodge: Dodged            |    58 |    60 |   134 |   156 |   382 |   413 ||  1203
  Block: Buckler           |       |       |       |       |       |    57 ||    57
         Reflection        |       |       |       |       |       |     9 ||     9
   Form: Anaconda          |       |       |     1 |       |       |     2 ||     3
                           |       |       |       |       |       |     2 ||     2

Table legend: (Time is in decaauts)
 A = Elapsed time spent in this place.
 B = Non-inter-level travel time spent in this place.
 C = Inter-level travel time spent in this place.
 D = Time resting spent in this place.
 E = Time spent auto-exploring this place.
 F = Levels seen in this place.
 G = Mean time per level.
                   A        B        C        D        E       F      G
               +--------+--------+--------+--------+--------+-----+--------+
         Total |  36148 |  33769 |   2379 |  11757 |  14583 |  29 | 1246.5 |
       Dungeon |  19489 |  18211 |   1278 |   5999 |   9032 |  15 | 1299.3 |
        Temple |     53 |      3 |     50 |      0 |      0 |   1 |   53.0 |
          Lair |   7045 |   6384 |    661 |   1757 |   2713 |   5 | 1409.0 |
        Shoals |   4290 |   4150 |    140 |   1997 |   1072 |   3 | 1430.0 |
     Snake Pit |   2596 |   2514 |     82 |    802 |   1089 |   3 |  865.3 |
  Orcish Mines |   2673 |   2507 |    166 |   1201 |    677 |   2 | 1336.5 |
               +--------+--------+--------+--------+--------+-----+--------+

Top non-repeatable levels by time:
    D:10: 2354 daAuts
   Orc:2: 2199 daAuts
  Lair:3: 2129 daAuts
     D:4: 2119 daAuts
     D:6: 1945 daAuts
  Lair:5: 1749 daAuts
Shoals:2: 1636 daAuts
     D:5: 1596 daAuts
Shoals:3: 1588 daAuts
 Snake:2: 1573 daAuts
     D:7: 1498 daAuts
  Lair:2: 1407 daAuts
    D:15: 1333 daAuts
     D:2: 1288 daAuts
     D:3: 1203 daAuts
